Map: Odyssey LE

Players

Neeb - Winner!

  • Race: Protoss Protoss
  • Spawn Location: 5:00

SortOf

  • Race: Zerg Zerg
  • Spawn Location: 11:00

Event: WCS Jonkoping 2017

VOD

Have the link to the VOD?

Description

Time

  • Played on: June 18, 2017, 12:26 p.m.
  • Length: 5:52

All games in this series

Show
View Real Time Build Order
Export as new Build Order

Neeb Protoss - Winner!

Build Orders: Nexus First, Zealot Archon, Dark Templar Rush 

Get SALT Encoding   

  12  0:00  Probe (Chrono Boost)  
  13  0:11  Probe (Chrono Boost)  
  14  0:18  Pylon  
  14  0:22  Probe (Chrono Boost)  
  15  0:36  Probe (Chrono Boost)  
  16  0:46  Probe (Chrono Boost)  
  17  0:57  Nexus  
  17  1:07  Gateway  
  17  1:10  Probe (Chrono Boost)  
  18  1:16  Assimilator  
  18  1:21  Probe (Chrono Boost)  
  18  1:24  Assimilator  
  19  1:31  Probe (Chrono Boost)  
  20  1:36  Gateway  
  20  1:42  Probe (Chrono Boost)  
  21  1:52  Probe (Chrono Boost)  
  22  1:54  Cybernetics Core  
  22  2:03  Probe (Chrono Boost)  
  23  2:09  Probe (Chrono Boost)  
  23  2:13  Probe (Chrono Boost)  
  25  2:20  Probe (Chrono Boost)  
  26  2:24  Probe (Chrono Boost)  
  27  2:30  Adept (Chrono Boost), Probe (Chrono Boost), Stalker (Chrono Boost)  
  27  2:31  Warp Gate  
  27  2:35  Probe  
  33  2:40  Pylon  
  33  2:42  Probe  
  34  2:47  Probe (Chrono Boost)  
  35  2:54  Probe (Chrono Boost)  
  35  2:55  Twilight Council  
  36  2:59  Probe (Chrono Boost)  
  36  3:05  Probe (Chrono Boost)  
  38  3:08  Pylon  
  38  3:09  Probe (Chrono Boost)  
  39  3:15  Probe (Chrono Boost)  
  40  3:20  Robotics Facility, Probe (Chrono Boost)  
  40  3:25  Probe (Chrono Boost)  
  40  3:27  Resonating Glaives (Chrono Boost)  
  42  3:30  Probe (Chrono Boost)  
  43  3:35  Probe  
  44  3:42  Probe  
  44  3:47  Probe, Dark Shrine  
  45  3:48  Gateway  
  45  3:49  Gateway  
  45  3:54  Adept  
  45  3:55  Adept  
  50  4:04  Assimilator  
  50  4:06  Warp Prism (Chrono Boost), Assimilator  
  50  4:09  Probe  
  53  4:10  Probe, Pylon  
  54  4:19  Pylon  
  54  4:27  Pylon  
  54  4:28  Probe x2  
  54  4:29  Pylon  
  56  4:40  Probe x2  
  56  4:43  Adept x4  
  66  4:47  Pylon  
  66  4:53  Probe  
  66  4:54  Probe  
  68  5:04  Dark Templar x3  
  68  5:05  Dark Templar  
  76  5:07  Pylon  
  76  5:08  Archon  
  76  5:09  Archon  
  76  5:12  Observer  
  77  5:17  Nexus  
  77  5:21  Probe x2  
  79  5:33  Probe  
  79  5:34  Probe  
  81  5:36  Adept x4  
Show
View Real Time Build Order
Export as new Build Order

SortOf Zerg 

Build Orders: Hatch First 

Get SALT Encoding   

  12  0:00  Drone  
  13  0:12  Overlord  
  13  0:16  Drone  
  14  0:31  Drone x2  
  16  0:37  Drone  
  17  0:51  Hatchery  
  17  0:55  Drone  
  17  0:59  Drone  
  18  1:09  Extractor  
  17  1:13  Spawning Pool  
  17  1:16  Drone  
  17  1:19  Drone  
  18  1:29  Drone  
  19  1:38  Overlord  
  19  1:50  Drone  
  20  1:59  Queen  
  22  2:01  Zergling x2  
  22  2:03  Zergling x2, Queen  
  26  2:12  Drone, Metabolic Boost  
  26  2:14  Drone  
  28  2:23  Drone  
  28  2:25  Drone  
  30  2:33  Drone  
  31  2:39  Hatchery  
  31  2:42  Drone  
  31  2:44  Overlord  
  31  2:48  Drone  
  32  2:54  Drone  
  33  2:59  Zergling x2  
  33  3:01  Queen  
  36  3:05  Drone  
  36  3:07  Drone x2  
  36  3:09  Drone  
  41  3:12  Drone  
  41  3:16  Overlord  
  41  3:18  Drone  
  42  3:20  Drone  
  42  3:23  Drone  
  42  3:25  Pneumatized Carapace  
  44  3:32  Overlord  
  44  3:35  Drone x2  
  44  3:39  Queen  
  48  3:45  Drone x2  
  50  3:50  Zergling x4  
  50  3:53  Drone, Spore Crawler  
  50  3:54  Drone  
  53  3:56  Drone, Spore Crawler  
  53  4:01  Drone  
  53  4:02  Drone, Evolution Chamber  
  54  4:03  Drone  
  54  4:05  Drone  
  56  4:12  Overlord  
  56  4:15  Queen  
  56  4:17  Drone x2  
  59  4:18  Drone  
  59  4:23  Lair  
  61  4:24  Drone x2  
  61  4:27  Drone  
  61  4:29  Queen  
  66  4:37  Spore Crawler  
  65  4:40  Zergling x8  
  65  4:44  Zergling x6  
  72  4:50  Drone x2  
  74  4:55  Extractor  
  74  4:57  Drone, Overlord  
  74  5:00  Drone x2, Extractor x2, Overlord  
  74  5:07  Overlord  
  74  5:08  Overlord  
  74  5:10  Overlord  
  74  5:18  Drone x2  
  74  5:19  Drone x4  
  84  5:29  Zergling x16  
  85  5:45  Extractor, Hydralisk Den  
Tags
 
Add a new tag
Caveats
  • Supply blocks, unpowered buildings, or Contaminate may cause inaccurate times.
  • Supply counts are checked every 10 seconds.